[Event "Panchenko Memorial-B 2021"]
[Site "Chelyabinsk"]
[Date "2021.09.14"]
[Round "2.1"]
[White "Bodnaruk, Anastasia"]
[Black "Yakimova, Mariya"]
[Result "0-1"]
[ECO "B90"]
[WhiteElo "2425"]
[BlackElo "2185"]
[Annotator "ChessBase"]
[PlyCount "92"]
[EventDate "2021.09.13"]
[EventType "swiss"]
[EventCountry "RUS"]
[SourceTitle "playchess.com"]
[Source "ChessBase"]
[SourceQuality "1"]
[TimeControl "5400+30"]

1. e4 c5 2. Nf3 d6 3. d4 cxd4 4. Nxd4 Nf6 5. Nc3 a6 6. Nb3 Nc6 7. Be2 e6 8. O-O Be7 9. Be3 b5 10. a3 O-O 11. f4 Bb7 12. Bf3 Rc8 13. g4 b4 14. axb4 Nxb4 15. g5 Nd7 16. Qe2 e5 17. Rfd1 Re8 18. Qf2 exf4 19. Bxf4 Bxg5 20. Bxd6 Rxc3 21. bxc3 Nd5 22. Rd3 Be3 23. Rxe3 Qg5+ 24. Bg3 Nxe3 25. Ra5 Ne5 26. Bh1 N3c4 27. Ra1 h5 28. Bg2 Ng4 29. Qc5 Nce5 30. h4 Qg6 31. Re1 Rc8 32. Qb4 Ba8 33. Nd4 Kh7 34. Qe7 f6 35. Qb4 Qf7 36. Ra1 Qa7 37. Qd6 a5 38. Kh1 a4 39. Qb4 Rc4 40. Qf8 Ng6 41. Qe8 Rxc3 42. Rxa4 Qb7 43. Nb5 Rc8 44. Ra7 Rxe8 45. Rxb7 Bxb7 46. Nd6 Re7 0-1

[Event "Panchenko Memorial-B 2021"]
[Site "Chelyabinsk"]
[Date "2021.09.14"]
[Round "2.2"]
[White "Zhapova, Yana"]
[Black "Guseva, Marina"]
[Result "1-0"]
[ECO "B51"]
[WhiteElo "2212"]
[BlackElo "2418"]
[Annotator "ChessBase"]
[PlyCount "57"]
[EventDate "2021.09.13"]
[EventType "swiss"]
[EventCountry "RUS"]
[SourceTitle "playchess.com"]
[Source "ChessBase"]
[SourceQuality "1"]
[TimeControl "5400+30"]

1. e4 c5 2. Nf3 d6 3. Bb5+ Nd7 4. Ba4 a6 5. c4 Ngf6 6. O-O e6 7. Nc3 Be7 8. d4 cxd4 9. Qxd4 O-O 10. Rd1 Qc7 11. Bxd7 Bxd7 12. Bf4 Bc6 13. Bxd6 Bxd6 14. Qxd6 Qxd6 15. Rxd6 Bxe4 16. Ne5 Rac8 17. Rad1 Bc2 18. R1d4 h6 19. Rb6 Rc7 20. b4 Ra8 21. f4 Kf8 22. a4 Ke7 23. a5 g5 24. c5 Bb3 25. Nc4 Rb8 26. Rbd6 Bxc4 27. Rxc4 gxf4 28. Rxf4 Rg8 29. Rxf6 1-0

[Event "Panchenko Memorial-B 2021"]
[Site "Chelyabinsk"]
[Date "2021.09.14"]
[Round "2.3"]
[White "Balabayeva, Xeniya"]
[Black "Nur-Mukhametova, Alisa"]
[Result "1-0"]
[ECO "B31"]
[WhiteElo "2318"]
[BlackElo "2170"]
[Annotator "ChessBase"]
[PlyCount "127"]
[EventDate "2021.09.13"]
[EventType "swiss"]
[EventCountry "RUS"]
[SourceTitle "playchess.com"]
[Source "ChessBase"]
[SourceQuality "1"]
[TimeControl "5400+30"]

1. e4 c5 2. Nf3 Nc6 3. Bb5 g6 4. O-O Bg7 5. Re1 e5 6. a4 Nge7 7. Nc3 O-O 8. d3 d6 9. h3 h6 10. Bc4 Kh7 11. Nd5 Nxd5 12. Bxd5 Ne7 13. Ba2 f5 14. Bd2 a5 15. c3 Bd7 16. Bc4 Qc7 17. Bb5 Nc6 18. Rc1 Qd8 19. Qe2 f4 20. Rb1 g5 21. Nh2 Be6 22. Bc4 Bc8 23. f3 Ne7 24. Kf2 Ng8 25. Bxg8+ Rxg8 26. Rh1 Be6 27. c4 h5 28. Bc3 Qd7 29. b3 Bf6 30. Ke1 Kg7 31. Kd2 Kf7 32. Rbg1 Rh8 33. Kc2 b6 34. Be1 b5 35. axb5 a4 36. bxa4 Rxa4 37. Bc3 Ra2+ 38. Bb2 Qa7 39. Ra1 Qa4+ 40. Kb1 Ra8 41. Rxa2 Qxa2+ 42. Kc1 Bd8 43. Qc2 Ba5 44. Kd1 Bb4 45. Ke2 Qa7 46. Ra1 Qb7 47. Ra4 Ra5 48. Rxa5 Bxa5 49. Bc3 Bxc3 50. Qxc3 Qa7 51. Qb2 Bc8 52. Nf1 g4 53. hxg4 hxg4 54. Nd2 g3 55. Qb1 Kg7 56. Qh1 Qe7 57. Nb3 Be6 58. Na5 Qa7 59. Qa1 Qe7 60. b6 Bc8 61. Qb1 Bb7 62. Qb5 Kf7 63. Nxb7 Qxb7 64. Qa5 1-0

[Event "Panchenko Memorial-B 2021"]
[Site "Chelyabinsk"]
[Date "2021.09.14"]
[Round "2.4"]
[White "Kovanova, Baira"]
[Black "Strutinskaia, Galina"]
[Result "1-0"]
[ECO "B43"]
[WhiteElo "2310"]
[BlackElo "2164"]
[Annotator "NA"]
[PlyCount "67"]
[EventDate "2021.09.13"]
[EventType "swiss"]
[EventCountry "RUS"]
[SourceTitle "playchess.com"]
[Source "ChessBase"]
[SourceQuality "1"]
[TimeControl "5400+30"]

1. e4 c5 2. Nf3 e6 3. d4 cxd4 4. Nxd4 a6 5. Nc3 b5 6. Bd3 Bb7 7. O-O Nc6 8. Nxc6 Bxc6 9. Be3 Nf6 10. e5 Nd5 11. Nxd5 Bxd5 12. a4 b4 13. Qe2 a5 14. Bc4 Bc6 15. Bb5 Qc7 16. Rfd1 Be7 17. Bxc6 $11 dxc6 18. Qc4 O-O 19. Bc5 h6 20. Bd6 Qb7 21. h3 Rfc8 22. Rd3 c5 23. Rad1 Bg5 24. h4 Bd8 25. Qf4 f5 26. exf6 Bxf6 27. Be5 Rf8 28. Rd7 Qc6 29. Rc7 Qe8 30. Rdd7 Qg6 31. h5 Qg5 32. Qxg5 hxg5 33. Bxf6 Rxf6 34. Rxg7+ 1-0

[Event "Panchenko Memorial-B 2021"]
[Site "Chelyabinsk"]
[Date "2021.09.14"]
[Round "2.5"]
[White "Nasyrova, Ekaterina"]
[Black "Charochkina, Daria"]
[Result "0-1"]
[ECO "A41"]
[WhiteElo "2205"]
[BlackElo "2307"]
[Annotator "ChessBase"]
[PlyCount "136"]
[EventDate "2021.09.13"]
[EventType "swiss"]
[EventCountry "RUS"]
[SourceTitle "playchess.com"]
[Source "ChessBase"]
[SourceQuality "1"]
[TimeControl "5400+30"]

1. d4 d6 2. Nf3 Nf6 3. c4 g6 4. Nc3 Bf5 5. Qb3 b6 6. h3 Bg7 7. g4 Bd7 8. Bg2 Nc6 9. Qc2 O-O 10. O-O Na5 11. b3 c5 12. Be3 h5 13. g5 Bf5 14. Qd2 Ne4 15. Nxe4 Bxe4 16. Rad1 Rc8 17. Nh4 Bxg2 18. Kxg2 cxd4 19. Bxd4 Bxd4 20. Qxd4 Rc5 21. f4 Nc6 22. Qe4 Kh7 23. Rf3 Qc8 24. Rd5 Qe6 25. Re3 Qxe4+ 26. Rxe4 a5 27. a3 Kg7 28. Nf3 Rc8 29. Ne1 Kf8 30. Rd2 b5 31. Nd3 Rf5 32. Rc2 Nd8 33. Rc1 d5 34. cxd5 Rxc1 35. Nxc1 Rxd5 36. a4 Ne6 37. axb5 Rxb5 38. Ra4 Nc5 39. Ra3 Ke8 40. Kf3 Kd7 41. e3 Kc7 42. Ke2 Kb6 43. Kd2 e5 44. Kc2 exf4 45. exf4 Rb4 46. Ne2 Ne6 47. Ra1 Nxf4 48. Nc3 Rd4 49. Rf1 Nxh3 50. Rxf7 Nxg5 51. Rf6+ Kb7 52. Rxg6 Nf3 53. Na4 Rd5 54. Kc3 Kc7 55. Rh6 Kd8 56. Kc4 Re5 57. Nc5 Ke7 58. Nd3 Rf5 59. Nc5 h4 60. Ne4 Re5 61. Kd3 Rb5 62. Nd2 Ne5+ 63. Kd4 Kd7 64. Rh7+ Ke6 65. Rh6+ Kf7 66. Ne4 Nf3+ 67. Kc4 Rb4+ 68. Kd3 Ne5+ 0-1

[Event "Panchenko Memorial-B 2021"]
[Site "Chelyabinsk"]
[Date "2021.09.18"]
[Round "6.3"]
[White "Zhapova, Yana"]
[Black "Lysenko, Margarita"]
[Result "1/2-1/2"]
[ECO "B51"]
[WhiteElo "2212"]
[BlackElo "2207"]
[Annotator "NA"]
[PlyCount "72"]
[EventDate "2021.09.13"]
[EventType "swiss"]
[EventCountry "RUS"]
[SourceTitle "playchess.com"]
[Source "ChessBase"]
[SourceQuality "1"]
[TimeControl "5400+30"]

1. e4 c5 2. Nf3 d6 3. Bb5+ Nd7 4. d4 cxd4 5. Nxd4 Ngf6 6. Bd3 Nc5 7. Nc3 a6 8. a4 e5 9. Nde2 Be6 10. O-O Be7 11. h3 O-O 12. f4 Nxd3 13. cxd3 $11 b5 14. Qe1 Qb6+ 15. Kh1 b4 16. Nd1 exf4 17. Nxf4 Nd7 18. Ne3 a5 19. Ned5 Qd8 20. Be3 Bh4 21. Qe2 Bg3 22. Bd4 Bxf4 23. Nxf4 Qg5 24. Qe3 Qh4 25. Rac1 Rfc8 26. Rxc8+ Rxc8 27. Qf3 Qe7 28. Nh5 f6 29. Qg3 Kh8 30. Be3 d5 31. exd5 Bxd5 32. Re1 Qf7 33. Nf4 Bb7 34. Qf2 Ne5 35. Bd4 Ng6 36. Nxg6+ hxg6 1/2-1/2

[Event "Panchenko Memorial-B 2021"]
[Site "Chelyabinsk"]
[Date "2021.09.18"]
[Round "6.5"]
[White "Gevorgyan, Maria"]
[Black "Guseva, Marina"]
[Result "1-0"]
[ECO "B90"]
[WhiteElo "2233"]
[BlackElo "2418"]
[Annotator "NA"]
[PlyCount "59"]
[EventDate "2021.09.13"]
[EventType "swiss"]
[EventCountry "RUS"]
[SourceTitle "playchess.com"]
[Source "ChessBase"]
[SourceQuality "1"]
[TimeControl "5400+30"]

1. e4 c5 2. Nf3 d6 3. d4 cxd4 4. Nxd4 Nf6 5. Nc3 a6 6. h4 e5 7. Nb3 Be6 8. f4 g6 9. Be2 Nc6 10. g4 h6 11. f5 gxf5 12. gxf5 Bxb3 13. axb3 Qb6 14. Bf1 (14. Kf1 $11) 14... Rg8 $1 15. Qf3 Nd4 $17 16. Qd3 Rg3 17. Qxg3 Nxc2+ 18. Kd1 Nxa1 19. Bc4 Qd4+ 20. Ke2 Nc2 21. Rd1 Qc5 22. Nd5 Nxd5 23. Bxd5 Nb4 24. Bxf7+ Kxf7 25. Qg6+ Ke7 26. Be3 Qb5+ 27. Kf3 Nd3 28. Qe6+ Kd8 29. Qf7 Qe8 30. Bb6+ 1-0

[Event "Panchenko Memorial-B 2021"]
[Site "Chelyabinsk"]
[Date "2021.09.19"]
[Round "7.2"]
[White "Charochkina, Daria"]
[Black "Gevorgyan, Maria"]
[Result "1-0"]
[ECO "B20"]
[WhiteElo "2307"]
[BlackElo "2233"]
[Annotator "ChessBase"]
[PlyCount "59"]
[EventDate "2021.09.13"]
[EventType "swiss"]
[EventCountry "RUS"]
[SourceTitle "playchess.com"]
[Source "ChessBase"]
[SourceQuality "1"]
[TimeControl "5400+30"]

1. e4 c5 2. Na3 Nc6 3. Bb5 g6 4. Nf3 Bg7 5. O-O Nf6 6. Re1 O-O 7. c3 a6 8. Bxc6 dxc6 9. h3 Nd7 10. e5 f6 11. d4 cxd4 12. Qb3+ Kh8 13. cxd4 Nb6 14. Nc4 Nd5 15. Bd2 Rb8 16. Rac1 g5 17. e6 Qc7 18. a4 b6 19. Ne3 Nxe3 20. Rxe3 Rd8 21. a5 bxa5 22. Bxa5 Qa7 23. Qxb8 Qxb8 24. Bxd8 Qd6 25. Bxe7 Qxe7 26. d5 c5 27. Nd4 Bf8 28. Nf5 Qe8 29. Rce1 Bb7 30. e7 1-0

[Event "Panchenko Memorial-B 2021"]
[Site "Chelyabinsk"]
[Date "2021.09.19"]
[Round "8.1"]
[White "Zhapova, Yana"]
[Black "Kovanova, Baira"]
[Result "0-1"]
[ECO "C48"]
[WhiteElo "2212"]
[BlackElo "2310"]
[Annotator "NA"]
[PlyCount "102"]
[EventDate "2021.09.13"]
[EventType "swiss"]
[EventCountry "RUS"]
[SourceTitle "playchess.com"]
[Source "ChessBase"]
[SourceQuality "1"]
[TimeControl "5400+30"]

1. e4 e5 2. Nf3 Nc6 3. Nc3 Nf6 4. Bb5 Bd6 5. d3 O-O 6. O-O a6 7. Ba4 h6 8. Ne2 b5 9. Bb3 Re8 10. c3 Bf8 11. Ng3 d5 12. Qe2 Be6 13. Rd1 Qd7 14. h3 Rad8 15. Bd2 Qc8 16. Nh4 Na5 17. Bc2 dxe4 18. dxe4 Nc4 19. Bc1 Bxh3 $14 20. Rxd8 Rxd8 21. gxh3 Qxh3 22. Nhf5 Ng4 23. b4 a5 24. Rb1 axb4 25. cxb4 Qh2+ 26. Kf1 Qh3+ 27. Ke1 Nh2 28. Ne3 Nxe3 29. Bxe3 Qg2 30. Bd3 h5 31. Kd1 h4 32. Nf5 Qxe4 33. Kc2 Qc6+ 34. Kb2 e4 35. Nd4 Rxd4 36. Bxd4 exd3 37. Qxd3 Nf3 38. Bc3 h3 39. Qf1 Qe6 40. Rd1 Bd6 41. Rd3 Qg4 42. Qh1 Qg2 43. Rd1 Qxh1 44. Rxh1 h2 45. Kc2 g5 46. Bf6 Kh7 47. Kd3 Kg6 48. Bc3 Kh5 49. Ke4 Kg4 50. a3 Bf4 51. Bf6 Nd2+ 0-1

[Event "Panchenko Memorial-B 2021"]
[Site "Chelyabinsk"]
[Date "2021.09.19"]
[Round "8.2"]
[White "Bodnaruk, Anastasia"]
[Black "Charochkina, Daria"]
[Result "0-1"]
[ECO "B07"]
[WhiteElo "2425"]
[BlackElo "2307"]
[Annotator "NA"]
[PlyCount "102"]
[EventDate "2021.09.13"]
[EventType "swiss"]
[EventCountry "RUS"]
[SourceTitle "playchess.com"]
[Source "ChessBase"]
[SourceQuality "1"]
[TimeControl "5400+30"]

1. e4 d6 2. d4 Nf6 3. Nc3 g6 4. Be3 a6 5. h3 Bg7 6. f4 O-O 7. e5 Nfd7 8. Nf3 c5 9. dxc5 dxe5 10. fxe5 Nxe5 11. Nxe5 Bxe5 12. Qxd8 Rxd8 13. Bc4 $11 Bg3+ 14. Ke2 Bf5 15. Nd5 Nc6 16. c3 Be4 17. Nb6 Rab8 18. Rhd1 Ne5 19. Bd5 Bf5 20. Rd4 e6 21. Bxb7 Rxd4 22. cxd4 Rxb7 23. dxe5 Bxe5 24. Kf3 Bd3 25. a4 f5 26. Rd1 Be4+ 27. Kf2 Bxb2 28. Rd8+ Kg7 29. Rd6 Kf7 30. c6 Rc7 31. Rd7+ Rxd7 32. cxd7 Bf6 33. Bc5 Be7 34. Kf1 e5 35. Bd6 Bd8 36. a5 Ke6 37. Bb8 Bc6 38. Kf2 e4 39. Ke3 Bxd7 40. g3 Bb5 41. h4 Be7 42. Bf4 Bc5+ 43. Kd2 Bb4+ 44. Ke3 Bxa5 45. Nc8 Bb4 46. Kd4 Be1 47. Nd6 Bf2+ 48. Kc3 Bf1 49. Ne8 e3 50. Nc7+ Kf7 51. Nd5 e2 0-1

[Event "Panchenko Memorial-B 2021"]
[Site "Chelyabinsk"]
[Date "2021.09.19"]
[Round "8.3"]
[White "Serikbay, Assel"]
[Black "Goltseva, Ekaterina"]
[Result "0-1"]
[ECO "C92"]
[WhiteElo "2221"]
[BlackElo "2286"]
[Annotator "NA"]
[PlyCount "104"]
[EventDate "2021.09.13"]
[EventType "swiss"]
[EventCountry "RUS"]
[SourceTitle "playchess.com"]
[Source "ChessBase"]
[SourceQuality "1"]
[TimeControl "5400+30"]

1. e4 e5 2. Nf3 Nc6 3. Bb5 a6 4. Ba4 Nf6 5. O-O Be7 6. Re1 b5 7. Bb3 d6 8. c3 O-O 9. h3 Nd7 10. d4 Bf6 11. d5 Ne7 12. Nbd2 g6 13. Nf1 Bg7 14. Bc2 Nb6 15. Ng3 Bd7 16. Rb1 Kh8 17. h4 Bg4 $11 18. Qd3 Ng8 19. b3 Bh6 20. Bb2 Bxf3 21. gxf3 Nf6 22. c4 bxc4 23. bxc4 Nbd7 24. Kf1 Nh5 25. Nxh5 gxh5 26. Ke2 Rg8 27. Rh1 Nf8 28. f4 Ng6 29. Qf3 Nxf4+ 30. Kd1 Rg4 31. Ba4 Qe7 32. Kc2 Ng6 33. Qe2 Nxh4 34. Bc3 Qf6 35. Rb7 Rg2 36. Kb3 Rxf2 37. Qxh5 Bg5 38. Bd7 h6 39. Bg4 Nf3 40. Rxc7 Rb8+ 41. Ka3 Kg7 42. Be6 Rf8 43. Bb4 Nd4 44. Bxd6 Nxe6 45. dxe6 Qxe6 46. Bxf8+ Kxf8 47. Qd1 Qb6 48. Rc8+ Kg7 49. Rh3 Rd2 50. Qf3 Qa5+ 51. Kb3 Qxa2+ 52. Kb4 Be7+ 0-1

[Event "Panchenko Memorial-B 2021"]
[Site "Chelyabinsk"]
[Date "2021.09.19"]
[Round "8.4"]
[White "Yakimova, Mariya"]
[Black "Nurgali, Nazerke"]
[Result "0-1"]
[ECO "E06"]
[WhiteElo "2185"]
[BlackElo "2247"]
[Annotator "NA"]
[PlyCount "90"]
[EventDate "2021.09.13"]
[EventType "swiss"]
[EventCountry "RUS"]
[SourceTitle "playchess.com"]
[Source "ChessBase"]
[SourceQuality "1"]
[TimeControl "5400+30"]

1. d4 Nf6 2. c4 e6 3. g3 d5 4. Nf3 Be7 5. Bg2 O-O 6. O-O b6 7. cxd5 exd5 8. Nc3 Bb7 9. Bf4 c5 10. Rc1 Na6 11. Qc2 Nc7 12. dxc5 bxc5 13. Qb3 Rb8 14. Nb5 Nfe8 15. Nxc7 $14 Nxc7 16. Nd4 Bd6 17. Bxd6 Qxd6 18. Nf5 Qe5 19. Rxc5 Na6 20. Rb5 Qxf5 21. Rxb7 Nc5 22. Rxb8 Nxb3 23. Rxb3 d4 24. Bf3 Qc2 25. Kg2 g6 26. h4 h5 27. Ra3 Qxb2 28. Rxa7 Qc2 29. a4 Rd8 30. Re1 Qc5 31. Rb7 Qa5 32. Ra1 d3 33. exd3 Rxd3 34. Rbb1 Qf5 35. Bb7 Rd2 36. Rf1 Rb2 37. Bf3 g5 38. Ra3 gxh4 39. gxh4 Rb4 40. Rg1 Qg6+ 41. Bg4 Rxg4+ 42. Rg3 Qc6+ 43. Kh3 f5 44. Ra1 Kf7 45. a5 Qe4 0-1

[Event "Panchenko Memorial-B 2021"]
[Site "Chelyabinsk"]
[Date "2021.09.19"]
[Round "8.5"]
[White "Gevorgyan, Maria"]
[Black "Lysenko, Margarita"]
[Result "0-1"]
[ECO "B23"]
[WhiteElo "2233"]
[BlackElo "2207"]
[Annotator "NA"]
[PlyCount "88"]
[EventDate "2021.09.13"]
[EventType "swiss"]
[EventCountry "RUS"]
[SourceTitle "playchess.com"]
[Source "ChessBase"]
[SourceQuality "1"]
[TimeControl "5400+30"]

1. e4 c5 2. Nc3 d6 3. d4 cxd4 4. Qxd4 a6 5. b3 e5 6. Qd3 Nf6 7. Bb2 $11 Nbd7 8. O-O-O Be7 9. Kb1 O-O 10. g3 b5 11. f4 Bb7 12. Qe3 b4 13. Nd5 Nxd5 14. exd5 Bf6 15. Qe4 a5 16. Nf3 Nc5 17. Qf5 Bc8 18. Qh5 exf4 19. Nd4 Bd7 20. gxf4 a4 21. Rg1 axb3 22. axb3 g6 23. Qh6 Qa5 24. Bc4 Ne4 25. Kc1 Nc3 26. Rd3 Qc5 27. Rgd1 Ra2 28. Ne6 Bxe6 29. dxe6 Bg7 30. exf7+ Kh8 31. Qh4 Rxb2 32. Kxb2 Nxd1+ 33. Kc1 Nc3 34. Qe1 Na2+ 35. Kd1 Qh5+ 36. Kd2 Qxh2+ 37. Ke3 Qh3+ 38. Ke2 Nc3+ 39. Kd2 Qg2+ 40. Kc1 Qa8 41. Kd2 Ne4+ 42. Ke3 Nc5 43. Rxd6 Qe4+ 44. Kf2 Qxf4+ 0-1

[Event "Panchenko Memorial-B 2021"]
[Site "Chelyabinsk"]
[Date "2021.09.20"]
[Round "9.1"]
[White "Kovanova, Baira"]
[Black "Lysenko, Margarita"]
[Result "1/2-1/2"]
[ECO "B90"]
[WhiteElo "2310"]
[BlackElo "2207"]
[Annotator "NA"]
[PlyCount "111"]
[EventDate "2021.09.13"]
[EventType "swiss"]
[EventCountry "RUS"]
[SourceTitle "playchess.com"]
[Source "ChessBase"]
[SourceQuality "1"]
[TimeControl "5400+30"]

1. e4 c5 2. Nf3 d6 3. d4 cxd4 4. Nxd4 Nf6 5. Nc3 a6 6. Be3 e5 7. Nf3 Be7 8. Bc4 O-O 9. O-O Qc7 10. Bb3 Nc6 11. Qe2 Na5 12. Bg5 Nxb3 13. cxb3 Be6 14. Bxf6 Bxf6 15. Rfd1 Rac8 16. Nd5 Bxd5 17. Rxd5 Be7 18. Rd3 Qc2 19. Rd2 Qc5 $14 20. Ne1 g6 21. Rd3 Rc6 22. Rd5 Qb6 23. Nc2 Rfc8 24. Ne3 Rc1+ 25. Rd1 Rxa1 26. Rxa1 Qc6 27. Nd5 Bd8 28. Rd1 Qc2 29. Kf1 Qxe2+ 30. Kxe2 Kf8 31. Kd3 Ke8 32. f3 Kd7 33. b4 Ke6 34. a4 h5 35. Ra1 Kd7 36. b5 axb5 37. axb5 Rb8 38. Ra7 Ke6 39. b6 Kd7 40. b4 Kc6 41. Kc4 Rc8 42. b5+ Kd7+ 43. Kb4 Rb8 44. Ka5 Bg5 45. Nc7 Kc8 46. Nd5 Bd2+ 47. Ka4 Be1 48. Kb3 Bf2 49. Kc4 Kd7 50. Kd3 Bc5 51. g4 Ke6 52. g5 Kd7 53. Ke2 Bd4 54. Kf1 Bc5 55. Kg2 Bd4 56. Kf1 1/2-1/2

[Event "Panchenko Memorial-B 2021"]
[Site "Chelyabinsk"]
[Date "2021.09.20"]
[Round "9.2"]
[White "Nurgali, Nazerke"]
[Black "Charochkina, Daria"]
[Result "1/2-1/2"]
[ECO "E15"]
[WhiteElo "2247"]
[BlackElo "2307"]
[Annotator "NA"]
[PlyCount "85"]
[EventDate "2021.09.13"]
[EventType "swiss"]
[EventCountry "RUS"]
[SourceTitle "playchess.com"]
[Source "ChessBase"]
[SourceQuality "1"]
[TimeControl "5400+30"]

1. d4 Nf6 2. c4 e6 3. Nf3 b6 4. g3 Nc6 5. Bg2 Bb4+ 6. Bd2 Bxd2+ 7. Nbxd2 Rb8 8. O-O O-O 9. a3 a5 10. Qc2 d6 11. Rad1 Bd7 12. Nb1 e5 13. dxe5 $14 dxe5 14. Nc3 Re8 15. e3 h6 16. Nh4 Qc8 17. Nd5 Nxd5 18. cxd5 Na7 19. Rc1 Nb5 20. Rfd1 Qd8 21. Bf1 Rb7 22. Nf3 Nd6 23. Nd2 e4 24. Nc4 Nf5 25. Bg2 Qe7 26. Qb3 a4 27. Qc2 Ra7 28. Nd2 Nd6 29. Nb1 Bb5 30. Bf1 Bxf1 31. Kxf1 Qd7 32. Rd4 Ra5 33. Kg2 Rc5 34. Qd1 Rxc1 35. Qxc1 Re5 36. Nc3 b5 37. Qd1 Qf5 38. Rb4 Qd7 39. Qc2 c5 40. dxc6 Qxc6 41. Rd4 Re6 42. Qe2 Re5 43. Qc2 1/2-1/2

[Event "Panchenko Memorial-B 2021"]
[Site "Chelyabinsk"]
[Date "2021.09.20"]
[Round "9.3"]
[White "Goltseva, Ekaterina"]
[Black "Borisova, Ekaterina"]
[Result "1-0"]
[ECO "A15"]
[WhiteElo "2286"]
[BlackElo "2276"]
[Annotator "NA"]
[PlyCount "67"]
[EventDate "2021.09.13"]
[EventType "swiss"]
[EventCountry "RUS"]
[SourceTitle "playchess.com"]
[Source "ChessBase"]
[SourceQuality "1"]
[TimeControl "5400+30"]

1. c4 Nf6 2. Nf3 e6 3. e3 c5 4. b3 Be7 5. Bb2 b6 6. Be2 Bb7 7. O-O Qc7 8. d4 d6 9. Nc3 a6 10. Rc1 Nbd7 11. Nd2 O-O 12. f4 $11 d5 13. cxd5 exd5 14. Nf3 b5 15. a4 b4 16. Nb1 Qb6 17. Ne5 Nxe5 18. dxe5 Ne4 19. Nd2 f5 20. Nxe4 fxe4 21. Qe1 d4 22. Bc4+ Kh8 23. Rd1 Rad8 24. Qf2 d3 25. f5 Bd5 26. f6 Bxc4 27. bxc4 Rf7 28. fxe7 Rxf2 29. exd8=Q+ Qxd8 30. Rxf2 h6 31. e6 Qg5 32. Rf4 Qh5 33. Rd2 Qe8 34. Rxe4 1-0

[Event "Panchenko Memorial-B 2021"]
[Site "Chelyabinsk"]
[Date "2021.09.20"]
[Round "9.4"]
[White "Zherebtsova, Alexandra"]
[Black "Zhapova, Yana"]
[Result "0-1"]
[ECO "D31"]
[WhiteElo "2246"]
[BlackElo "2212"]
[Annotator "NA"]
[PlyCount "104"]
[EventDate "2021.09.13"]
[EventType "swiss"]
[EventCountry "RUS"]
[SourceTitle "playchess.com"]
[Source "ChessBase"]
[SourceQuality "1"]
[TimeControl "5400+30"]

1. c4 e6 2. Nc3 d5 3. d4 c6 4. cxd5 exd5 5. Bf4 Bf5 6. e3 Nf6 7. Nge2 Nbd7 8. Ng3 Bg6 9. h4 h5 10. Bd3 Bxd3 $1 11. Qxd3 Nb6 12. Bg5 Be7 13. Nf5 g6 14. Nxe7 Qxe7 15. O-O-O Qe6 $14 16. Rhe1 Ne4 17. Nxe4 dxe4 18. Qa3 f6 19. Bf4 Nd5 20. Bh2 Rh7 21. f3 Rd7 22. Rd2 a6 23. Qc5 Re7 24. a3 a5 25. Kb1 a4 26. Bd6 Rd7 27. Bg3 Kf7 28. Rc2 Ra6 29. Qc4 b5 30. Qf1 Rb6 31. fxe4 Qxe4 32. Qf3 Re7 33. Bf2 b4 34. Qxe4 Rxe4 35. axb4 Nxb4 36. Rc3 Ke6 37. Ra3 Nd5 38. Rc1 Ra6 39. Rc4 Rg4 40. g3 g5 41. hxg5 fxg5 42. Raxa4 Rxa4 43. Rxa4 h4 44. gxh4 gxh4 45. Rc4 Kd7 46. Rc1 h3 47. e4 Nf4 48. Be3 Nd3 49. Rh1 Rg3 50. Bc1 Nf2 51. Re1 h2 52. Bf4 Rg1 0-1

[Event "Panchenko Memorial-B 2021"]
[Site "Chelyabinsk"]
[Date "2021.09.20"]
[Round "9.5"]
[White "Petrova, Irina"]
[Black "Bodnaruk, Anastasia"]
[Result "0-1"]
[ECO "B31"]
[WhiteElo "2121"]
[BlackElo "2425"]
[Annotator "NA"]
[PlyCount "102"]
[EventDate "2021.09.13"]
[EventType "swiss"]
[EventCountry "RUS"]
[SourceTitle "playchess.com"]
[Source "ChessBase"]
[SourceQuality "1"]
[TimeControl "5400+30"]

1. e4 c5 2. Nf3 Nc6 3. Bb5 g6 4. Bxc6 dxc6 5. d3 Bg7 6. Nc3 Nf6 7. Be3 b6 8. h3 Nd7 9. Qd2 h6 10. O-O e5 11. Nh2 Nf8 12. f4 exf4 13. Bxf4 Ne6 14. Be3 Nd4 15. Nd1 (15. e5 $5) 15... Be6 16. c3 Nb5 17. Nf2 Nd6 18. a4 a5 19. Rae1 Qc7 20. Nfg4 (20. Nf3 $16) 20... O-O-O 21. Bf4 ({Of course not} 21. Bxh6 {[#]} Nc4 $1 $17) 21... h5 22. Nf2 $11 Qa7 23. e5 Nf5 24. b4 c4 25. bxa5 Qxa5 26. d4 c5 27. g4 hxg4 28. hxg4 Ne7 29. Ne4 cxd4 30. Nd6+ Rxd6 31. exd6 Nc6 32. Nf3 Qxc3 33. Qg2 Bd5 34. d7+ Kd8 35. Re8+ Rxe8 36. dxe8=Q+ Kxe8 37. Qe2+ Kd7 38. Re1 Be6 39. Ne5+ Nxe5 40. Bxe5 Bxe5 41. Qxe5 Qd2 42. Re4 Qd1+ 43. Kf2 Qd2+ 44. Kg3 Qd3+ 45. Kh4 Ke7 46. Rxd4 Qa3 47. Qc7+ Kf6 48. Qf4+ Kg7 49. Qe5+ f6 50. Qg3 Qc1 51. Rd6 Qh6# 0-1

[Event "Panchenko Memorial-B 2021"]
[Site "Chelyabinsk"]
[Date "2021.09.21"]
[Round "10.2"]
[White "Charochkina, Daria"]
[Black "Goltseva, Ekaterina"]
[Result "1-0"]
[ECO "A45"]
[WhiteElo "2307"]
[BlackElo "2286"]
[Annotator "ChessBase"]
[PlyCount "55"]
[EventDate "2021.09.13"]
[EventType "swiss"]
[EventCountry "RUS"]
[SourceTitle "playchess.com"]
[Source "ChessBase"]
[SourceQuality "1"]
[TimeControl "5400+30"]

1. d4 Nf6 2. Bg5 Ne4 3. Bf4 d5 4. e3 c5 5. Bd3 Nf6 6. Nc3 a6 7. dxc5 Nc6 8. Nf3 e6 9. O-O Bxc5 10. e4 d4 11. Ne2 Nh5 12. e5 Qc7 13. Re1 h6 14. Bd2 g5 15. Nexd4 Nxd4 16. Nxd4 Bxd4 17. Qxh5 Bxb2 18. Rab1 Bc3 19. Bxc3 Qxc3 20. Re3 Qc7 21. Be4 Rb8 22. h4 Bd7 23. hxg5 Qxe5 24. Bc6 hxg5 25. Bxd7+ Ke7 26. Qxf7+ Kxf7 27. Rxe5 Rh6 28. Rbe1 1-0

[Event "Panchenko Memorial-B 2021"]
[Site "Chelyabinsk"]
[Date "2021.09.21"]
[Round "10.3"]
[White "Zhapova, Yana"]
[Black "Yakimova, Mariya"]
[Result "0-1"]
[ECO "B91"]
[WhiteElo "2212"]
[BlackElo "2185"]
[Annotator "ChessBase"]
[PlyCount "70"]
[EventDate "2021.09.13"]
[EventType "swiss"]
[EventCountry "RUS"]
[SourceTitle "playchess.com"]
[Source "ChessBase"]
[SourceQuality "1"]
[TimeControl "5400+30"]

1. e4 c5 2. Nf3 d6 3. d4 cxd4 4. Nxd4 Nf6 5. Nc3 a6 6. g3 e5 7. Nde2 Be6 8. Bg2 h5 9. h3 Be7 10. Be3 b5 11. f4 Nbd7 12. O-O Rc8 13. Nd5 Nxd5 14. exd5 Bf5 15. c3 Bh7 16. Qd2 Nf6 17. Rad1 Qd7 18. Nc1 e4 19. Nb3 Bf5 20. Kh2 h4 21. g4 Bxg4 22. hxg4 h3 23. Bh1 Nxg4+ 24. Kg1 h2+ 25. Kg2 Ne5 26. f5 Nf3 27. Rxf3 exf3+ 28. Kxf3 Qxf5+ 29. Ke2 Kf8 30. Nd4 Qh3 31. Rf1 Bf6 32. Rf3 Qg4 33. Kd1 Re8 34. Kc2 Qg1 35. Qc1 Bxd4 0-1

[Event "Panchenko Memorial-B 2021"]
[Site "Chelyabinsk"]
[Date "2021.09.21"]
[Round "10.5"]
[White "Bodnaruk, Anastasia"]
[Black "Balabayeva, Xeniya"]
[Result "1-0"]
[ECO "C24"]
[WhiteElo "2425"]
[BlackElo "2318"]
[Annotator "ChessBase"]
[PlyCount "67"]
[EventDate "2021.09.13"]
[EventType "swiss"]
[EventCountry "RUS"]
[SourceTitle "playchess.com"]
[Source "ChessBase"]
[SourceQuality "1"]
[TimeControl "5400+30"]

1. e4 e5 2. Bc4 Nf6 3. d3 c6 4. Nf3 Bb4+ 5. c3 Bd6 6. d4 Qe7 7. O-O Bc7 8. dxe5 Bxe5 9. Re1 O-O 10. Bb3 d6 11. Ng5 h6 12. Nxf7 Rxf7 13. Bxf7+ Qxf7 14. f4 Ng4 15. Rf1 Bf6 16. h3 h5 17. hxg4 Bxg4 18. Qd3 Nd7 19. Be3 Nc5 20. Bxc5 dxc5 21. Nd2 Rd8 22. Qe3 c4 23. Nf3 Rd3 24. Qxa7 Qg6 25. f5 Qh6 26. Nh2 Be5 27. Qc5 Bxh2+ 28. Kxh2 b5 29. f6 gxf6 30. Rf2 f5 31. exf5 Qf6 32. Re1 Rd5 33. Re8+ Kg7 34. Qa7+ 1-0